 Dungeon Crawl Stone Soup version 0.27.0-1-g7a089689b8 (webtiles) character file.

Game seed: 5446799823713521860

84 pkoi the Chopper (level 4, -1/39 HPs)
             Began as a Minotaur Monk on Aug 4, 2021.
             Killed by nerve-wracking pain
             ... invoked by Grinder
              (10 damage)
             ... while paralysed by Grinder
             ... on level 3 of the Dungeon.
             The game lasted 00:01:47 (2276 turns).

pkoi the Chopper (Minotaur Monk)                    Turns: 2276, Time: 00:01:48

Health: -1/39      AC:  8    Str: 17    XL:     4   Next: 24%
Magic:  3/3        EV:  2    Int:  7    God:
Gold:   127        SH:  0    Dex: 12    Spells: 3/3 levels left

rFire    . . .     SeeInvis .   j - +1 dagger (venom)
rCold    . . .     Faith    .   (no shield)
rNeg     . . .     Spirit   .   i - +0 chain mail
rPois    .         Reflect  .   (helmet restricted)
rElec    .         Harm     .   (no cloak)
rCorr    .         Rampage  .   (no gloves)
Will     .....                  (no boots)
Stlth    ..........             (no amulet)
HPRegen  0.13/turn              (no ring)
MPRegen  0.08/turn              (no ring)

@: paralysed, slowed
A: horns 2, retaliatory headbutt
a: no special abilities


You were on level 3 of the Dungeon.
You visited 1 branch of the dungeon, and saw 3 of its levels.

You collected 127 gold pieces.

Inventory:

Hand Weapons
 a - a +0 hand axe
 j - a +1 dagger of venom (weapon)
Missiles
 d - 9 poisoned darts (quivered)
Armour
 b - a +0 robe
 i - a +0 chain mail (worn)
Scrolls
 c - 3 scrolls of teleportation {unknown}
 e - 2 scrolls of identify {unknown}
 f - a scroll of vulnerability {unknown}
 g - a scroll of silence {unknown}
 h - a scroll of enchant armour {unknown}
Potions
 k - a potion of invisibility {unknown}


   Skills:
 - Level 3.6 Fighting
 + Level 6.2 Axes
 - Level 3.2 Dodging
 - Level 1.5 Stealth


You had 3 spell levels left.
You didn't know any spells.
Your spell library contained the following spells:

 Spells                   Type           Power      Damage    Failure   Level
 Inner Flame              Hex/Fire       0%         N/A       100%        3
 Cause Fear               Hex            0%         N/A       100%        4
 Discord                  Hex            0%         N/A       100%        8


Dungeon Overview and Level Annotations

Branches:
Dungeon (3/15)

Altars:

Shops:
D:3 ?

Annotations:
D:3 Grinder


Innate Abilities, Weirdness & Mutations

You have a pair of horns on your head.
You reflexively headbutt those who attack you in melee.


Message History

You feel yourself slow down.
You hit Natasha.
Natasha is poisoned.
Natasha is heavily wounded.
Natasha barely misses you. You furiously retaliate!
You headbutt Natasha!
You kill Natasha!
Natasha yowls pathetically as she dies!
The iron imp disappears in a puff of smoke!
Grinder gestures at you.
You suddenly lose the ability to move!
Your Axes skill increases to level 6!
You have reached level 4!
You feel stronger. Grinder gestures at you. You resist with significant effort.
Grinder gestures at you. Pain shoots through your body!
You can move again.
Grinder blinks!
Grinder hits you but does no damage. Grinder gestures at you.
Pain shoots through your body!
Grinder says, "DUCK!"
Grinder gestures at you.
You suddenly lose the ability to move!
Found a scroll labelled MYK XEIGEPRU.
Grinder gestures at you. Pain shoots through your body! Grinder hits you!
* * * LOW HITPOINT WARNING * * *
Grinder blinks!
You can move again.
Grinder says, "I used to sell toenails on the black market."
Grinder blinks!
Grinder closely misses you. Grinder gestures at you.
You suddenly lose the ability to move!
Grinder hits you but does no damage. Grinder gestures at you.
Pain shoots through your body!
You die...

..##.# #.#.....# ##...##
##.......###..
......####......#...#.
................#...^..
............<...#...###
.......###..รท.......# ....
.......###.#...##...######.....
##.........#........#...#......#
...#.......#...#@####...#......#
.........[......5...#..........#
....##....##...#...............##
...............#.................
..........#....#...........##....
######...##....#....#......##....
..........#.........#......##....
..........##.....?..#......#....#
..........# ...##....)..........


You could see Grinder.

Vanquished Creatures
  Natasha (D:3)
  A gnoll (D:1)
  An orc (D:3)
  6 ball pythons
  4 bats
  4 endoplasms
  2 giant cockroaches
  3 goblins
  7 hobgoblins
  3 jackals (D:1)
  5 kobolds
  2 quokkas (D:1)
  2 frilled lizards (D:1)
  4 rats (D:1)
45 creatures vanquished.

Notes
Turn   | Place    | Note
-------+----------+-------------------------------------------
     0 | D:1      | pkoi the Minotaur Monk began the quest for the Orb.
     0 | D:1      | Reached XP level 1. HP: 19/19 MP: 0/0
   106 | D:1      | Reached skill level 4 in Axes
   132 | D:1      | Reached XP level 2. HP: 17/26 MP: 1/1
   336 | D:1      | Reached skill level 5 in Axes
   390 | D:1      | Reached XP level 3. HP: 28/31 MP: 2/2
  2177 | D:3      | Found Xohememn's Magic Scroll Boutique.
  2230 | D:3      | Noticed Grinder
  2245 | D:3      | Noticed Natasha
  2253 | D:3      | Killed Natasha
  2253 | D:3      | Paralysed by Grinder for 4 turns
  2254 | D:3      | Reached skill level 6 in Axes
  2254 | D:3      | Reached XP level 4. HP: 32/39 MP: 3/3
  2263 | D:3      | Paralysed by Grinder for 6 turns
  2273 | D:3      | Paralysed by Grinder for 6 turns
  2276 | D:3      | Killed from afar by Grinder

Illustrated notes

Levels and vault maps discovered:
D:1:      lightli_arrival_chessboard, layout_loops_ring
D:2:      layout_basic
D:3:      layout_basic, serial_shops, shop, basic_ecumenical_altar,
          uniq_natasha, uniq_grinder

Skill      XL: |  1  2  3 |
---------------+----------+-----
Axes           | 4 5 6 |  6.2
Fighting       | |  3.6
Dodging        | |  3.2
Stealth        | |  1.5

Action                   |  1- 3 |  4- 6 || total
-------------------------+-------+-------++-------
Melee: Hand axe          |    84 |       ||    84
       Headbutt          |    10 |       ||    10
       Dagger            |     9 |       ||     9
 Stab: Sleeping          |     2 |       ||     2
Armor: Robe              |    11 |       ||    11
       Chain mail        |     6 |     2 ||     8
Dodge: Dodged            |    62 |     1 ||    63
